AoeStats
← GhoulHumaN_Tw

Lombardia

509103946Analyzed
2v2 RM · 5d ago on Sep 25, 2026· 39m 37s· 4 players
Game mode
Random Map
Map size
Medium (4 player)
Population
200
Speed
Normal
Resources
Standard
Victory
Conquest
Starting age
Dark Age
Ending age
Imperial Age
RankedLock teamsTeams togetherTeam positionsShared explorationLock speedFull tech treeHidden civsTurbo modeCheats
Victory
Defeat
🇹🇼 Danes · Taiwan
998
+17
🇹🇼 Varangians · Taiwan
949
+15
🇨🇳 Khmer · China
919
-14
🇨🇳 Lithuanians · China
918
-13
帅气的酷酷
0:39 Loom
12:15 Feudal Age
13:30 Double-Bit Axe
13:33 Horse Collar
20:34 Gold Mining
22:51 Castle Age
23:12 Stone Mining
23:14 Gold Mining
25:24 Bow Saw
25:17 Heavy Plow
37:46 Imperial Age
39:09 Murder Holes
章鱼哥
12:09 Feudal Age
10:25 Loom
17:23 Castle Age
15:40 Double-Bit Axe
16:36 Scale Mail Armor
17:51 Pikeman
22:28 Bow Saw
22:46 Horse Collar
23:53 Heavy Plow
25:10 Wheelbarrow
24:55 Gold Mining
25:38 Redemption
29:08 Hand Cart
GhoulHumaN_Tw
7:34 Loom
9:58 Feudal Age
11:15 Horse Collar
11:22 Double-Bit Axe
14:59 Scale Barding Armor
18:07 Wheelbarrow
21:26 Castle Age
20:40 Wheelbarrow
20:33 Forging
20:43 Bloodlines
22:03 Scale Mail Armor
22:02 Stone Mining
22:57 Husbandry
23:21 Bow Saw
26:43 Gold Mining
26:50 Fletching
29:20 Chain Mail Armor
29:53 Hand Cart
30:18 Arson
33:06 Iron Casting
32:35 Town Watch
34:22 Bodkin Arrow
34:45 Squires
37:26 Stone Shaft Mining
百濕不得騎姐
5:21 Loom
9:51 Feudal Age
11:43 Double-Bit Axe
12:44 Horse Collar
21:23 Castle Age
21:25 Forging
21:16 Scale Mail Armor
21:05 Arson
23:02 Chain Mail Armor
23:22 Iron Casting
22:50 Squires
22:36 Gambesons
23:21 Bow Saw
23:26 Heavy Plow
28:14 Town Watch
29:07 Wheelbarrow
28:27 Gold Mining
Connection lost

Rejoining the realm…

Still unreachable

The connection could not be restored.

Session expired

The server has moved on; the page needs a fresh start.